 Dungeon Crawl Stone Soup version 0.30-a0-711-gf4ac18a38d (webtiles) character file.

Game seed: 15674186380252012033

6789 wormed the Sneak (level 10, -14/77 HPs)
             Began as a Demonspawn Fire Elementalist on Jan 22, 2023.
             Was a High Priest of Vehumet.
             Demolished by Snorg (17 damage)
             ... on level 10 of the Dungeon.
             The game lasted 00:18:09 (10641 turns).

wormed the Sneak (Demonspawn Fire Elementalist)    Turns: 10641, Time: 00:18:10

Health: -14/77     AC: 11    Str:  9    XL:     10   Next: 76%
Magic:  5/19       EV: 14    Int: 26    God:    Vehumet [*****.]
Gold:   96         SH:  0    Dex: 14    Spells: 3/21 levels left

rFire   . . .      SeeInvis .    l - +3 quarterstaff (chaos)
rCold   . . .      Faith    .    (shield currently unavailable)
rNeg    + . .      Spirit   .    d - +1 troll leather armour
rPois   .          Reflect  .    E - +2 hat
rElec   .          Harm     .    k - +0 cloak
rCorr   .          Rampage  .    p - +0 pair of gloves
Will    .....                    (no boots)
Stlth   +++                      m - amulet of regeneration
HPRegen 1.92/turn                f - ring of positive energy
MPRegen 0.16/turn                x - +6 ring of intelligence

@: no status effects
A: molten scales 1, ignite blood 2, powered by death 2, weakness stinger 1
a: Renounce Religion


You were on level 10 of the Dungeon.
You worshipped Vehumet.
Vehumet was extremely pleased with you.
You visited 1 branch of the dungeon, and saw 10 of its levels.

You collected 624 gold pieces.
You spent 528 gold pieces at shops.

Inventory:

Hand Weapons
 l - a +3 quarterstaff of chaos (weapon)
Missiles
 q - a throwing net
Armour
 d - a +1 troll leather armour (worn)
 k - a +0 cloak (worn)
 o - the +1 robe "Ulitoud" {Will++}
   (You bought it in a shop on level 2 of the Dungeon)

   Will:      It greatly increases your willpower.
 p - a +0 pair of gloves (worn)
 E - a +2 hat (worn)
Jewellery
 a - a ring of resist corrosion
 f - a ring of positive energy (left hand)
 m - an amulet of regeneration (around neck)
 w - an amulet of the acrobat
 x - a +6 ring of intelligence (right hand)
 y - an amulet of faith
 B - a +6 ring of dexterity
 G - the ring of Ramiw {rN+ Str+4}
   (You took it off a kobold on level 8 of the Dungeon)

   [ring of positive energy]

   Str:       It affects your strength (+4).
   rN:        It protects you from negative energy.
 H - the ring of Mysticism {rElec Slay+4}
   (You took it off a kobold brigand on level 8 of the Dungeon)

   [ring of slaying]

   Slay:      It affects your accuracy & damage with ranged weapons and melee
   (+4).
   rElec:     It insulates you from electricity.
 I - a +6 ring of strength
Wands
 v - a wand of flame (27)
 C - a wand of charming (8)
 J - a wand of acid (4)
Scrolls
 c - a scroll of enchant armour
 r - 3 scrolls of teleportation
 s - a scroll of amnesia
 t - 2 scrolls of immolation
 u - 2 scrolls of magic mapping
 K - a scroll of silence
Potions
 b - 2 potions of magic
 e - 3 potions of attraction
 g - 3 potions of heal wounds
 h - 5 potions of curing
 i - 2 potions of flight {unknown}
 j - 3 potions of brilliance {unknown}
 n - a potion of might {unknown}
 z - a potion of berserk rage {unknown}
 A - a potion of lignification {unknown}
 D - a potion of cancellation {unknown}


   Skills:
 + Level 6.6 Fighting
 + Level 6.5 Dodging
 + Level 7.0 Stealth
 + Level 6.4 Spellcasting
 + Level 6.8 Conjurations
 + Level 6.7 Fire Magic


You had 3 spell levels left.
You knew the following spells:

 Your Spells              Type           Power      Damage    Failure   Level
a - Foxfire               Conj/Fire      100%       2x1d9     1%          1
b - Scorch                Fire           86%        2d9       1%          2
c - Inner Flame           Hex/Fire       25%        N/A       1%          3
d - Fireball              Conj/Fire      21%        3d10      4%          5
e - Airstrike             Air            4%         2d(1-17)  24%         4
f - Stone Arrow           Conj/Erth      52%        3d10      1%          3

Your spell library contained the following spells:

 Spells                   Type           Power      Damage    Failure   Level
 Sandblast                Erth           16%        2d6       2%          1
 Kindle Blastsparks       Fire/Tloc/Air  40%        2d13      3%          3
 Frozen Ramparts          Ice            16%        1d3       8%          3
 Beastly Appendage        Tmut           16%        N/A       10%         1
 Sting                    Tmut/Pois      32%        1d4       10%         1
 Passwall                 Tmut/Erth      6%         N/A       14%         2
 Wereblood                Tmut           8%         N/A       14%         2
 Spider Form              Tmut/Pois      8%         N/A       28%         3
 Flame Wave               Conj/Fire      43%        2d11      1%          4
 Starburst                Conj/Fire      21%        6d7       22%         6
 Ice Form                 Ice/Tmut       8%         N/A       67%         4
 Summon Ice Beast         Ice/Summ       8%         N/A       67%         4
 Ignition                 Fire           21%        3d8       100%        8


Dungeon Overview and Level Annotations

Branches:
Dungeon (10/15)               Orc (0/2) D:10
 Temple: D:4-7         Lair: D:8-11

Altars:
Ashenzari
Cheibriados
Dithmenos
Fedhas
Hepliaklqana
Makhleb
Qazlal
Sif Muna
Vehumet
Wu Jian
Xom
Yredelemnul

Shops:
D:2 [   D:5 :

Annotations:
D:4 2 transporters, flotson's ghost, weakling DsDe
D:10 Snorg


Innate Abilities, Weirdness & Mutations

You are partially covered in molten scales. (AC +2)
Your demonic aura often causes spilled blood to erupt in flames.
You regenerate health from kills.
You have a small tail.


Message History

Snorg is nearby!
Snorg is nearby!
Casting: Fireball (dangerous; 4% risk of failure)
Confirm with . or Enter, or press ? or * to list all spells.
Aiming: Fireball (dangerous; 4% risk of failure)
Press: ? - help, Shift-Dir - straight line, f - Snorg
Aim: Snorg (wandering, hasn't noticed you)
The fireball explodes!
The fireball engulfs Snorg!
Snorg is lightly wounded.
Snorg shouts!
You hear a shout! x2
Casting: Fireball (dangerous; 4% risk of failure)
Confirm with . or Enter, or press ? or * to list all spells.
Aiming: Fireball (dangerous; 4% risk of failure)
Press: ? - help, Shift-Dir - straight line, f/p - Snorg
Aim: Snorg (lightly wounded)
The fireball explodes!
The fireball engulfs Snorg!!
Snorg is moderately wounded.
You hear a shout!
Casting: Fireball (dangerous; 4% risk of failure)
Confirm with . or Enter, or press ? or * to list all spells.
You don't have enough magic to cast this spell.
Snorg goes berserk!
Snorg rages.
Snorg attacks as you move away! Snorg closely misses you.
Snorg claws you but does no damage. x2
Snorg completely misses you. Snorg barely misses you. Snorg claws you!
You sock Snorg! You burn Snorg. You tail-slap Snorg.
Snorg is moderately wounded.
Snorg is engulfed in blazing flames.
Snorg barely misses you. Snorg misses you. Snorg barely misses you.
Snorg is engulfed in blazing flames.
Snorg bites you! Snorg misses you. Snorg claws you!
You hit Snorg.
Snorg is heavily wounded.
Snorg is engulfed in blazing flames.
Snorg barely misses you. Snorg claws you!
* * * LOW HITPOINT WARNING * * *
Snorg claws you but does no damage.
Snorg is engulfed in blazing flames.
Snorg bites you!!
* * * LOW HITPOINT WARNING * * *
Snorg completely misses you. Snorg claws you!
You die...

.8.......T####.####....#...#####
#........## #.## #.....[8[[....
........## #..###....#...#####
.....)...# ##.##.....####)#
...#####.## #........# #.. .#
#..### #......).# .>.#
##....####..[..### ..#
##.......#......# ##'
......##...T@§....###
#...........☼○[<....#
####................#
#.................#
.....##.............. #....#
#.............. ....
#....####......# ##...# ....###
#...# ...##


You could see Snorg (berserk).

Vanquished Creatures
  An unseen horror (D:9)
  A troll (D:10)
  A hornet (D:7)
  A vampire (D:10)
  A shadow (D:10)
  11 yaks
  A wyvern (D:5)
  A steam dragon (D:8)
  A water moccasin (D:5)
  4 orc warriors
  A black bear (D:5)
  2 ice beasts
  2 sky beasts
  3 ogres
  3 centaurs
  2 kobold brigands
  3 bullfrogs (D:7)
  2 gnoll sergeants (D:9)
  4 scorpions
  4 wights
  6 killer bees (D:10)
  4 hounds
  Crazy Yiuf (D:2)
  8 orc priests
  2 gnoll boudas
  An iguana (D:5)
  13 orc wizards
  A hell rat (D:7)
  Robin (D:4)
  18 gnolls
  7 river rats (D:7)
  3 adders
  A shadow imp (D:6)
  A white imp (D:6)
  A worm (D:5)
  2 dart slugs (D:1)
  63 orcs
  4 endoplasms
  7 giant cockroaches
  16 goblins
  13 hobgoblins
  5 jackals (D:3)
  34 kobolds
  7 quokkas
  5 ball pythons
  3 bats
  A frilled lizard (D:3)
  23 rats
300 creatures vanquished.

Vanquished Creatures (others)
  2 kobold zombies (D:5)
  220 foxfires
  2 fungi (D:2)
  20 plants
244 creatures vanquished.

Grand Total: 544 creatures vanquished

Notes
Turn   | Place    | Note
-------+----------+-------------------------------------------
     0 | D:1      | wormed the Demonspawn Fire Elementalist began the quest for
                  | the Orb.
     0 | D:1      | Reached XP level 1. HP: 13/13 MP: 3/3
   100 | D:1      | Reached skill level 2 in Stealth
   101 | D:1      | Gained mutation: Your demonic aura sometimes causes spilled
                  | blood to erupt in flames. [demonic ancestry]
   101 | D:1      | Reached XP level 2. HP: 17/20 MP: 5/5
   267 | D:1      | Got Raciemn's Quarto of Kindled Putridity
   366 | D:1      | Learned a level 2 spell: Scorch
   393 | D:1      | Found a faded altar of an unknown god.
   461 | D:1      | Reached skill level 1 in Fighting
   615 | D:1      | Gained mutation: You have a small tail. [demonic ancestry]
   615 | D:1      | Reached XP level 3. HP: 26/26 MP: 3/6
   681 | D:1      | Learned a level 3 spell: Inner Flame
   780 | D:2      | Found Ythruisao's Antique Armour Boutique.
  1385 | D:2      | Bought an ominously black robe for 108 gold pieces
  1385 | D:2      | Identified the +1 robe "Ulitoud" {Will++} (You bought it in
                  | a shop on level 2 of the Dungeon)
  1755 | D:2      | Found a runed translucent door.
  1756 | D:2      | Noticed Crazy Yiuf
  1764 | D:2      | Killed Crazy Yiuf
  1765 | D:2      | Gained mutation: You regenerate a little health from kills.
                  | [demonic ancestry]
  1765 | D:2      | Reached XP level 4. HP: 27/32 MP: 0/7
  1913 | D:3      | Found a burning altar of Makhleb.
  2606 | D:4      | Found a transporter.
  2606 | D:4      | Noticed flotson's ghost (weakling DsDe)
  2620 | D:4      | Gained mutation: Your demonic aura often causes spilled
                  | blood to erupt in flames. [demonic ancestry]
  2620 | D:4      | Reached XP level 5. HP: 38/38 MP: 0/8
  2689 | D:4      | Found a transporter.
  2864 | D:4      | Noticed Robin
  2886 | D:4      | Killed Robin
  2994 | D:4      | You fall into a shaft and drop 1 floor!
  2994 | D:5      | Entered Level 5 of the Dungeon
  3010 | D:5      | Reached skill level 3 in Stealth
  3042 | D:5      | Found an ornate altar of the Wu Jian Council.
  3043 | D:5      | Noticed a water moccasin
  3045 | D:5      | Killed a water moccasin
  3046 | D:5      | Gained mutation: You are partially covered in molten
                  | scales. (AC +2) [demonic ancestry]
  3046 | D:5      | Reached XP level 6. HP: 40/46 MP: 10/10
  3052 | D:5      | Found a radiant altar of Vehumet.
  3077 | D:5      | Found Waishryja's Book Shoppe.
  3080 | D:5      | Noticed a wyvern
  3086 | D:5      | Killed a wyvern
  3119 | D:5      | Became a worshipper of Vehumet
  3292 | D:5      | Reached XP level 7. HP: 49/51 MP: 11/11
  3492 | D:5      | Found a stormy altar of Qazlal.
  3627 | D:5      | Reached * piety under Vehumet
  3627 | D:5      | Offered knowledge of Magic Dart by Vehumet.
  3809 | D:5      | Found a shimmering blue altar of Sif Muna.
  3816 | D:5      | Reached skill level 4 in Stealth
  4224 | D:5      | Reached XP level 8. HP: 35/59 MP: 4/13
  4675 | D:6      | Found a hazy altar of Hepliaklqana.
  4676 | D:6      | Found a shadowy altar of Dithmenos.
  4789 | D:6      | Learned a level 3 spell: Stone Arrow
  5101 | D:6      | Reached skill level 5 in Stealth
  5101 | D:6      | Reached skill level 5 in Fire Magic
  5101 | D:6      | Reached XP level 9. HP: 66/66 MP: 6/16
  5116 | D:6      | Reached skill level 5 in Dodging
  5116 | D:6      | Reached skill level 5 in Spellcasting
  5116 | D:6      | Reached skill level 5 in Conjurations
  5313 | D:7      | Reached skill level 5 in Fighting
  5865 | D:7      | Reached ** piety under Vehumet
  5873 | D:7      | Offered knowledge of Searing Ray by Vehumet.
  6212 | D:8      | Found a blossoming altar of Fedhas.
  6255 | D:8      | Offered knowledge of Momentum Strike by Vehumet.
  6585 | D:8      | Found a shimmering altar of Xom.
  6586 | D:8      | Found a broken altar of Ashenzari.
  6608 | D:8      | Reached *** piety under Vehumet
  6721 | D:8      | Found a basalt altar of Yredelemnul.
  7048 | D:8      | Offered knowledge of Frozen Ramparts by Vehumet.
  7247 | D:8      | Identified the ring of Ramiw {rN+ Str+4}
  7250 | D:8      | Identified the ring of Mysticism {rElec Slay+4}
  7479 | D:8      | Reached skill level 6 in Stealth
  7919 | D:9      | Gained mutation: You regenerate health from kills. [demonic
                  | ancestry]
  7919 | D:9      | Reached XP level 10. HP: 76/76 MP: 6/18
  8190 | D:9      | Reached **** piety under Vehumet
  8439 | D:9      | Offered knowledge of Fulminant Prism by Vehumet.
  9101 | D:10     | Entered Level 10 of the Dungeon
  9110 | D:10     | Noticed Snorg
  9238 | D:10     | Noticed a two-headed ogre
  9427 | D:10     | Identified the +3 falchion of Paozu {spect, *Corrode +Blink
                  | Fly rN+}
  9748 | D:10     | Found a snail-covered altar of Cheibriados.
 10340 | D:10     | Reached ***** piety under Vehumet
 10341 | D:10     | Reached skill level 7 in Stealth
 10342 | D:10     | Found a staircase to the Orcish Mines.
 10344 | D:10     | Offered knowledge of Airstrike by Vehumet.
 10370 | D:9      | Learned a level 4 spell: Airstrike
 10473 | D:5      | Bought a book of Fire for 420 gold pieces
 10479 | D:5      | Learned a level 5 spell: Fireball
 10641 | D:10     | HP: 3/77 [Snorg (20)]
 10641 | D:10     | Demolished by Snorg

Illustrated notes

Levels and vault maps discovered:
D:1:      minmay_arrival_three_doors, layout_rooms,
          hellmonk_ecumenical_altar_defaced_shrine
D:2:      layout_loops_ring, serial_shops, nicolae_shop_stone,
          hangedman_abyss_or_decor_lesser_grid, uniq_crazy_yiuf_cottage
D:3:      layout_loops_cross, mainiacjoe_overflow_paths
D:4:      layout_loops_ring, minmay_temple_entry_ruins, gammafunk_ghost_arena,
          grunt_decor_resistance, uniq_robin, uniq_sigmund
D:5:      kennysheep_kobold_camp, layout_basic, nicolae_qazlal_eye_of_the_storm,
          led_sif_book, jmf_multi_god_temple, serial_shops, shop, minivault_26,
          grunt_ministairs_2
D:6:      layout_rooms, riverfiend_overflow_shadow_ancestor
D:7:      lemuel_ratsnest, layout_cave_pools
D:8:      corexii_shack_village, layout_loops_corners,
          mainiacjoe_overflow_catwalk,
          chequers_temple_overflow_statue_of_worship
D:9:      layout_irregular_city
D:10:     layout_layer_cave, kennysheep_little_box, hiddenorc2_lemuel,
          serial_shops, nicolae_shop_statue_plus, special_room
          [special_room_bee], uniq_snorg

Skill      XL: |  1  2  3  4  5  6  7  8  9 10 |
---------------+-------------------------------+-----
Stealth        | 2 3 4 5 6 7 |  7.0
Dodging        | 2 3 4 5 6 |  6.5
Fighting       | 1 2 3 4 5 6 |  6.6
Fire Magic     | 3 4 5 6 |  6.7
Conjurations   | 2 3 4 5 6 |  6.8
Spellcasting   | 3 4 5 6 |  6.4

Action                     |  1- 3 |  4- 6 |  7- 9 | 10-12 || total
---------------------------+-------+-------+-------+-------++-------
  Melee: Unarmed           |     4 |       |       |       ||     4
         Dagger            |    76 |       |       |       ||    76
         Punch             |     1 |       |       |       ||     1
         Tailslap          |     3 |     7 |    26 |     2 ||    38
         Quarterstaff      |       |    57 |   183 |    22 ||   262
   Cast: Foxfire           |    11 |     8 |    51 |    58 ||   128
         Scorch            |    23 |    15 |    67 |    64 ||   169
         Inner Flame       |       |       |    42 |    50 ||    92
         Fireball          |       |       |       |     4 ||     4
    Use: Scroll            |     4 |       |     8 |     2 ||    14
   Stab: Sleeping          |     4 |     4 |       |       ||     8
         Paralysed         |       |       |     1 |       ||     1
 Armour: Robe              |     1 |       |       |       ||     1
         Troll leather arm |    24 |    33 |   158 |    73 ||   288
  Dodge: Dodged            |    49 |    59 |   254 |    71 ||   433

Table legend: (Time is in decaauts)
 A = Elapsed time spent in this place.
 B = Non-inter-level travel time spent in this place.
 C = Inter-level travel time spent in this place.
 D = Time resting spent in this place.
 E = Time spent auto-exploring this place.
 F = Levels seen in this place.
 G = Mean time per level.
                   A        B        C        D        E       F      G
               +--------+--------+--------+--------+--------+-----+--------+
         Total |  10730 |  10154 |    576 |    132 |   8038 |  10 | 1073.0 |
       Dungeon |  10730 |  10154 |    576 |    132 |   8038 |  10 | 1073.0 |
               +--------+--------+--------+--------+--------+-----+--------+

Top non-repeatable levels by time:
     D:9: 2108 daAuts
     D:8: 1615 daAuts
     D:5: 1366 daAuts
     D:2: 1179 daAuts
     D:6: 1100 daAuts
     D:7: 966 daAuts
     D:3: 716 daAuts
     D:1: 681 daAuts
    D:10: 572 daAuts
     D:4: 424 daAuts
